 Seeded DCSS version 0.26.1-11-gd32895ea62 (webtiles) character file.

Game seed: 11831107456837885064 (custom seed)

2539 Zeld the Changer (level 9, -1/61 HPs)
             Began as an Octopode Transmuter on June 10, 2021.
             Slain by a wyvern zombie (10 damage)
             ... on level 8 of the Dungeon.
             The game lasted 00:11:38 (16589 turns).

Zeld the Changer (Octopode Transmuter)             Turns: 16589, Time: 00:11:38

Health: -1/61      AC:  1    Str: 12    XL:     9   Next: 55%
Magic:  14/14      EV: 16    Int: 15    God:
Gold:   443        SH:  0    Dex: 13    Spells: 3/18 levels left

rFire    . . .     SeeInvis .     - Unarmed
rCold    + . .     Faith    .   (no shield)
rNeg     . . .     Spirit   .   (helmet restricted)
rPois    .         Reflect  .   (no amulet)
rElec    .         Harm     .   q - ring of protection from cold
rCorr    .         Rampage  .   (no ring)
Will     .....                  (no ring)
Stlth    ++........             (no ring)
HPRegen  0.20/turn              (no ring)
MPRegen  0.14/turn              (no ring)
                                (no ring)
                                (no ring)

@: hasted, very quick
A: almost no armour, stealthy swim, amphibious, 8 rings, constrict 8, camouflage
1, low mp 1, gelatinous body 1
a: no special abilities


You were on level 8 of the Dungeon.
You visited 2 branches of the dungeon, and saw 9 of its levels.

You collected 443 gold pieces.

Inventory:

Jewellery
 q - a ring of protection from cold (left tentacle)
Wands
 b - a wand of polymorph (7)
 s - a wand of iceblast (8)
 t - a wand of disintegration (20)
 u - a wand of flame (13)
Scrolls
 a - 3 scrolls of teleportation
 c - a scroll of enchant armour {unknown}
 e - a scroll of vulnerability {unknown}
 g - a scroll of magic mapping
 l - 2 scrolls of random uselessness {unknown}
 n - 4 scrolls of remove curse
Potions
 d - a potion of curing {unknown}
 f - a potion of degeneration {unknown}
 h - a potion of haste
 j - a potion of attraction {unknown}
 o - 2 potions of flight {unknown}
 p - 2 potions of invisibility {unknown}
 r - a potion of magic {unknown}
 w - a potion of mutation {unknown}
 x - 2 potions of lignification {unknown}


   Skills:
 + Level 5.1 Fighting
 + Level 5.4 Dodging
 - Level 3.0 Unarmed Combat
 + Level 5.0 Spellcasting
 * Level 7.6 Transmutations
 * Level 5.4 Evocations


You had 3 spell levels left.
You knew the following spells:

 Your Spells              Type           Power        Failure   Level
a - Beastly Appendage     Tmut           52%          1%          1
b - Wereblood             Tmut           26%          1%          2
c - Spider Form           Tmut/Pois      7%           11%         3
d - Ice Form              Ice/Tmut       15%          34%         4
e - Blade Hands           Tmut           13%          21%         5

Your spell library contained the following spells:

 Spells                   Type           Power        Failure   Level
 Confusing Touch          Hex            3%           43%         3
 Gell's Gravitas          Tloc           1%           43%         3
 Petrify                  Tmut/Erth      15%          34%         4
 Irradiate                Conj/Tmut      7%           67%         5
 Yara's Violent Unravell  Hex/Tmut       7%           67%         5
 Hydra Form               Tmut           13%          73%         6
 Metabolic Englaciation   Hex/Ice        1%           99%         5
 Statue Form              Tmut/Erth      10%          99%         6
 Dragon Form              Tmut           13%          99%         7


Dungeon Overview and Level Annotations

Branches:
Dungeon (8/15)             Temple (1/1) D:5
   Lair: D:8-11

Altars:
Ashenzari
Cheibriados
Dithmenos
Elyvilon
Fedhas
Hepliaklqana
Kikubaaqudgha
Makhleb
Nemelex Xobeh
Okawaru
Qazlal
Ru
Sif Muna
Trog
Uskayaw
Vehumet
Wu Jian
Xom
Yredelemnul
Zin
The Shining One

Annotations:
D:3 1 runed translucent door


Innate Abilities, Weirdness & Mutations

You cannot wear most types of armour.
You are very stealthy in the water. (Stealth+)
You are amphibious.
You can wear up to eight rings at the same time.
You can use your tentacles to constrict eight enemies at once.
Your skin changes colour to match your surroundings (Stealth+).
Your rubbery body absorbs attacks. (AC +1, EV +1)
Your magical capacity is low. (-10% MP)


Message History

You hit the wyvern zombie.
The wyvern zombie is almost destroyed.
The wyvern zombie bites you!
* * * LOW HITPOINT WARNING * * *
You are too injured to fight recklessly!
You hit the wyvern zombie but do no damage.
The wyvern zombie is almost destroyed.
The wyvern zombie completely misses you. x2
You are too injured to fight recklessly!
You completely miss the wyvern zombie.
The wyvern zombie is almost destroyed.
The wyvern zombie closely misses you.
You are too injured to fight recklessly!
The wyvern zombie bites you!
* * * LOW HITPOINT WARNING * * *
Your transformation has ended.
Okay, then.
It was a potion of haste.
You feel yourself speed up. The wyvern zombie bites you!
You die...

+##############
...........Z@.#
..###########'####
#.....# #.....#
#.....# #######
#.....# #......
##'#### #.#####
#.#########.#
#.........#.###


You could see a wyvern zombie.

Vanquished Creatures
  The ghost of oc3rt the Sneak, a novice TeAM of Hepliaklqana (D:6)
  Grinder (D:6)
  A shadow (D:7)
  An ice beast (D:7)
  3 sky beasts
  A phantom (D:6)
  The ghost of Ekaitz the Digger, an amateur DsEE (D:4)
  A centaur (D:5)
  3 bullfrogs
  A scorpion (D:7)
  A howler monkey (D:4)
  2 bullfrog zombies
  2 hounds
  2 jellies
  3 orc priests
  5 orc wizards
  Natasha (thrice) (D:2)
  2 iguanas
  7 worker ants
  2 hound skeletons
  12 adders
  2 shadow imps
  2 white imps
  An ooze (D:5)
  An adder zombie (D:6)
  An adder skeleton (D:4)
  A worm (D:3)
  A dart slug (D:1)
  A leopard gecko (D:1)
  29 orcs
  4 ball pythons
  6 giant cockroaches
  6 hobgoblins
  13 jackals
  8 kobolds
  2 quokkas
  7 bats
  4 frilled lizards
  9 goblins
  A quokka skeleton (D:4)
  A quokka zombie (D:7)
  6 rats
  A spectral leopard gecko (D:6)
  A spectral quokka (D:6)
163 creatures vanquished.

Notes
Turn   | Place    | Note
-------+----------+-------------------------------------------
     0 | D:1      | Zeld the Octopode Transmuter began the quest for the Orb.
     0 | D:1      | Reached XP level 1. HP: 13/13 MP: 3/3
   305 | D:1      | Reached XP level 2. HP: 18/18 MP: 1/5
   357 | D:1      | Learned a level 2 spell: Wereblood
  1121 | D:1      | Reached XP level 3. HP: 23/23 MP: 4/6
  1125 | D:1      | Learned a level 3 spell: Spider Form
  2019 | D:2      | Reached skill level 3 in Transmutations
  2201 | D:2      | Noticed Natasha
  2212 | D:2      | Killed Natasha
  2213 | D:2      | Reached XP level 4. HP: 27/29 MP: 7/7
  3531 | D:2      | Noticed Natasha
  3540 | D:2      | Killed Natasha
  4227 | D:2      | Noticed Natasha
  4234 | D:2      | Killed Natasha
  4235 | D:2      | Reached XP level 5. HP: 16/34 MP: 5/9
  5006 | D:3      | Reached skill level 4 in Transmutations
  5590 | D:3      | Reached XP level 6. HP: 41/41 MP: 6/10
  5604 | D:3      | Learned a level 4 spell: Ice Form
  5930 | D:3      | Found a glowing golden altar of the Shining One.
  5930 | D:3      | Found a runed translucent door.
  5930 | D:3      | Noticed an angel
  7390 | D:4      | Found a runed translucent door.
  7391 | D:4      | Noticed Ekaitz's ghost (amateur DsEE)
  7704 | D:4      | Reached XP level 7. HP: 43/43 MP: 8/12
  7711 | D:4      | Killed Ekaitz's ghost
  7712 | D:4      | Reached skill level 5 in Transmutations
  8167 | D:5      | Entered Level 5 of the Dungeon
  8564 | D:5      | Found a staircase to the Ecumenical Temple.
  8577 | Temple   | Entered the Ecumenical Temple
  9371 | D:5      | Found a shimmering altar of Xom.
 10626 | D:6      | Found a transporter.
 10634 | D:6      | Noticed oc3rt's ghost (novice TeAM)
 10760 | D:6      | Reached skill level 1 in Evocations
 10880 | D:6      | Noticed Grinder
 10928 | D:6      | Paralysed by Grinder for 3 turns
 10934 | D:6      | Paralysed by Grinder for 4 turns
 10943 | D:6      | Killed Grinder
 10944 | D:6      | Reached XP level 8. HP: 40/54 MP: 10/14
 11069 | D:6      | Learned a level 5 spell: Blade Hands
 11085 | D:6      | Found a transporter.
 11235 | D:6      | Reached skill level 6 in Transmutations
 11962 | D:6      | Found a shimmering blue altar of Sif Muna.
 11965 | D:6      | Found a broken altar of Ashenzari.
 11968 | D:6      | Found an ancient bone altar of Kikubaaqudgha.
 11971 | D:6      | Found a radiant altar of Vehumet.
 13132 | D:6      | Killed oc3rt's ghost
 14076 | D:7      | Reached XP level 9. HP: 59/59 MP: 4/15
 14186 | D:7      | Reached skill level 5 in Dodging
 14186 | D:7      | Reached skill level 7 in Transmutations
 14322 | D:6      | Gained mutation: Your magical capacity is low. (-10% MP)
                  | [mutagenic glow]
 14827 | D:7      | Reached skill level 5 in Evocations
 14890 | D:7      | Reached skill level 5 in Fighting
 16357 | D:8      | Reached skill level 5 in Spellcasting
 16589 | D:8      | Slain by a wyvern zombie

Illustrated notes

Levels and vault maps discovered:
D:1:      dpeg_arrival_arbitrary_b, layout_basic, feat_on_display
D:2:      layout_basic, kennysheep_pointless_box, uniq_natasha
D:3:      layout_basic, amethyst_killhole, lemuel_angel_altar
D:4:      layout_basic, ebering_ghost_inner_flame, minmay_misc_feat_plants,
          chequers_serial_rivers_small_a
D:5:      layout_basic, lemuel_doored_altar, temple_pool_b, saegor_snake_ambush
D:6:      layout_gridville, grunt_temple_overflow_cloverleaf,
          gammafunk_ghost_mausoleum, uniq_grinder
D:7:      layout_gridville, palyth_stone_intersect
D:8:      layout_basic, serial_shops, shop_statue
Temple:   eino_temple_rhombus

Skill      XL: |  1  2  3  4  5  6  7  8  9 |
---------------+----------------------------+-----
Transmutations | 3 4 5 6 7 |  7.6
Fighting       | 2 3 4 5 |  5.1
Dodging        | 3 4 5 |  5.4
Spellcasting   | 3 4 5 |  5.0
Evocations     | 2 4 5 |  5.4
Unarmed Combat | |  3.0

Action                   |  1- 3 |  4- 6 |  7- 9 || total
-------------------------+-------+-------+-------++-------
Melee: Unarmed           |    58 |   127 |   317 ||   502
       Constrict         |    17 |    33 |    37 ||    87
       Tentacles         |    11 |    17 |    34 ||    62
       Kick              |    12 |    22 |    26 ||    60
       Punch             |     3 |     1 |       ||     4
 Cast: Beastly Appendage |    27 |    21 |    19 ||    67
       Spider Form       |       |     8 |    19 ||    27
       Wereblood         |       |     1 |       ||     1
       Ice Form          |       |     1 |     4 ||     5
       Blade Hands       |       |       |    11 ||    11
Evoke: Wand              |       |       |     3 ||     3
  Use: Scroll            |       |       |     5 ||     5
       Potion            |       |       |     1 ||     1
 Stab: Sleeping          |     4 |     2 |     3 ||     9
Armor: Skin              |     6 |    14 |    14 ||    34
Dodge: Dodged            |    47 |    96 |   286 ||   429
